 Dungeon Crawl Stone Soup version 0.24-a0-493-g7e4ddcd485 (webtiles) character file.

Game seed: 14417052313857716213

310 KristoblXynda the Charmwright (level 6, -1/45 HPs)
             Began as a Spriggan Skald on July 12, 2019.
             Killed from afar by an orc wizard (4 damage)
             ... with a puff of flame
             ... on level 3 of the Dungeon.
             The game lasted 00:06:42 (3725 turns).

KristoblXynda the Charmwright (Spriggan Skald)      Turns: 3725, Time: 00:06:43

Health: -1/45      AC: 23    Str:  8    XL:     6   Next: 17%
Magic:  1/10       EV:  4    Int: 15    God:
Gold:   154        SH:  0    Dex: 16    Spells: 5/11 levels left

rFire    + . .     SeeInvis +   c - +0 dagger
rCold    + . .     Gourm    .   (shield restricted)
rNeg     + + +     Faith    .   (armour currently unavailable)
rPois    +         Spirit   .   (helmet currently unavailable)
rElec    +         Reflect  .   (cloak currently unavailable)
rCorr    +         Harm     .   (gloves unavailable)
MR       ++...     NoTele   +   (boots unavailable)
Stlth    +++.......             (no amulet)
HPRegen  0.15/turn              (no ring)
MPRegen  0.12/turn              (no ring)

@: tree-form, resistant
A: very small, unfitting armour, see invisible, herbivore, low mp 1, magic
resistance 1, slow metabolism 2, evolution 1
a: no special abilities


You were on level 3 of the Dungeon.
You were not hungry.
You were a tree.
You visited 1 branch of the dungeon, and saw 3 of its levels.

You collected 154 gold pieces.

Inventory:

Hand Weapons
 a - a +0 short sword
 c - a +0 dagger (weapon)
Armour
 b - a +0 robe (melded)
Jewellery
 g - an uncursed ring of protection from magic {unknown}
 l - an uncursed amulet of guardian spirit {unknown}
 n - an uncursed amulet of regeneration {unknown}
Scrolls
 e - a scroll of blinking {unknown}
 f - a scroll of enchant armour {unknown}
 h - a scroll of identify {unknown}
 k - a scroll of teleportation {unknown}
Potions
 j - a potion of resistance
Comestibles
 d - 4 rations


   Skills:
 - Level 1.5 Fighting
 + Level 4.0 Short Blades
 - Level 5.4 Dodging
 + Level 4.5 Stealth
 + Level 3.0 Spellcasting
 + Level 6.3 Charms


You had 5 spell levels left.
You knew the following spells:

 Your Spells              Type           Power        Failure   Level  Hunger
a - Infusion              Chrm           ###.         1%          1    #......
b - Regeneration          Chrm/Necr      ##........   17%         3    ###....
c - Song of Slaying       Chrm           ###.....     2%          2    ##.....

Your spell library contained the following spells:

 Spells                   Type           Power        Failure   Level  Hunger
 Shroud of Golubria       Chrm/Tloc      ##....       9%          2    ##.....
 Spectral Weapon          Hex/Chrm       ##......     17%         3    ###....


Dungeon Overview and Level Annotations

Branches:
Dungeon (3/15)

Altars:
Xom


Innate Abilities, Weirdness & Mutations

You are very small and have problems with some larger weapons.
You are too small for most types of armour.
You have supernaturally acute eyesight. (SInv)
You are a herbivore.
((You cover ground extremely quickly.))
You need to consume almost no food.
((Your skin changes colour to match your surroundings (Stealth+).))
Your magical capacity is low. (-10% MP)
You are resistant to hostile enchantments. (MR+)
You evolve.


Message History

The orc wizard hits you but does no damage.
You hit the orc wizard but do no damage.
The orc wizard is severely wounded.
The orc wizard hits you but does no damage.
You closely miss the orc wizard.
The orc wizard is severely wounded.
The orc wizard hits you but does no damage.
The orc wizard casts a spell at you.
The magic dart hits you but does no damage.
You completely miss the orc wizard.
The orc wizard is severely wounded.
The orc wizard hits you but does no damage.
You hit the orc wizard but do no damage.
The orc wizard is severely wounded.
The orc wizard hits you but does no damage.
You barely miss the orc wizard.
The orc wizard is severely wounded.
The orc wizard gestures at you while chanting.
The puff of flame hits you. You resist.
You die...

#### .<.# ...# # ## #### ...#
.# .. ..... ...# .# #. ..h .
...#.## #. ......
......####..###########.#....
...##........(..♣oKSo........
.().####.###########.........
..........### #..##.#....
...####.#)..#######.## .. ..
#### ##.###.#.[.....# ...
######..# #..)..##### .#.
....#..## ###(#.######## .K
....#.######..#........# .
.............#########..


You could see an orc wizard (invisible), an adder, an orc and a kobold.

Vanquished Creatures
  Sigmund (D:3)
  A hound (D:3)
  An orc wizard (D:3)
  2 adders
  An ooze (D:2)
  A worm (D:2)
  4 dart slugs
  2 leopard geckos
  5 orcs (D:3)
  A ball python (D:1)
  4 bats
  7 giant cockroaches
  9 goblins
  4 hobgoblins
  3 kobolds
  A quokka (D:3)
  4 frilled lizards
  10 rats
61 creatures vanquished.

Notes
Turn   | Place    | Note
-------+----------+-------------------------------------------
     0 | D:1      | KristoblXynda the Spriggan Skald began the quest for the
                  | Orb.
     0 | D:1      | Reached XP level 1. HP: 10/10 MP: 5/5
   223 | D:1      | Reached skill level 1 in Stealth
   223 | D:1      | Reached XP level 2. HP: 14/14 MP: 6/6
  1124 | D:2      | Reached XP level 3. HP: 18/18 MP: 8/8
  1149 | D:2      | Learned a level 3 spell: Regeneration
  1152 | D:2      | Learned a level 2 spell: Song of Slaying
  1206 | D:2      | Reached skill level 5 in Charms
  2647 | D:2      | Reached XP level 4. HP: 13/22 MP: 2/9
  2909 | D:3      | Noticed Sigmund
  2923 | D:3      | Killed Sigmund
  2923 | D:3      | Reached skill level 5 in Dodging
  2923 | D:3      | Reached skill level 6 in Charms
  2923 | D:3      | Reached XP level 5. HP: 25/25 MP: 0/10
  3055 | D:3      | Found a shimmering altar of Xom.
  3056 | D:3      | Found a shimmering altar of Xom.
  3152 | D:3      | Found a shimmering altar of Xom.
  3308 | D:3      | Reached XP level 6. HP: 15/30 MP: 11/11
  3717 | D:3      | HP: 1/30 [orc wizard/puff of flame (4)]
  3719 | D:3      | Gained mutation: Your magical capacity is low. (-10% MP)
                  | [potion of mutation]
  3719 | D:3      | Gained mutation: You are resistant to hostile enchantments.
                  | (MR+) [potion of mutation]
  3719 | D:3      | Gained mutation: You evolve. [potion of mutation]
  3719 | D:3      | Gained mutation: Your skin changes colour to match your
                  | surroundings (Stealth+). [potion of mutation]
  3725 | D:3      | Killed from afar by an orc wizard

Levels and vault maps discovered:
D:1:      scummos_arrival_checkerplants, layout_basic, minmay_misc_feat_encased
D:2:      layout_basic, first_ration
D:3:      layout_rooms, st_stairs_13, grunt_ministairs_6, xom_redecorated,
          uniq_sigmund

Skill      XL: |  1  2  3  4  5  6 |
---------------+-------------------+-----
Stealth        | 1 2 4 |  4.5
Dodging        | 4 5 |  5.4
Charms         | 5 6 |  6.3
Short Blades   | 3 4 |  4.0
Spellcasting   | 3 |  3.0
Fighting       | |  1.5

Action                   |  1- 3 |  4- 6 || total
-------------------------+-------+-------++-------
Melee: Dagger            |   238 |   146 ||   384
       Short sword       |     2 |       ||     2
 Cast: Infusion          |     2 |     7 ||     9
       Regeneration      |     2 |       ||     2
  Use: Potion            |       |     3 ||     3
 Stab: Sleeping          |     8 |     3 ||    11
  Eat: Ration            |       |     1 ||     1
Armor: Robe              |    21 |     1 ||    22
       Skin              |       |     7 ||     7
Dodge: Dodged            |   177 |   101 ||   278

Table legend:
 A = Non-vault XP
 B = Vault XP
 C = Vault XP percentage of total XP
 D = Non-vault monster count
 E = Vault monster count
 F = Vault count percentage of total count
                 A         B        C        D         E       F
            +---------+---------+-------+---------+---------+-------
      Total |     218 |     225 |  50.8 |      58 |       3 |   4.9
            +---------+---------+-------+---------+---------+-------
        D:1 |      40 |       0 |   0.0 |      20 |       0 |   0.0
        D:2 |      62 |       0 |   0.0 |      25 |       0 |   0.0
        D:3 |     116 |     225 |  66.0 |      13 |       3 |  18.8
            +---------+---------+-------+---------+---------+-------
